[Event "ICC tourney 1932 (15 5)"]
[Site "Internet Chess Club"]
[Date "2020.07.24"]
[Round "1"]
[White "playtowin2020"]
[Black "rhungaski"]
[Result "0-1"]
[ICCResult "White resigns"]
[WhiteElo "1215"]
[BlackElo "1463"]
[Opening "Sicilian: Labourdonnais-Löwenthal variation"]
[ECO "B32"]
[NIC "SI.32"]
[Time "17:04:32"]
[TimeControl "900+5"]

1. e4 c5 2. Nf3 Nc6 3. d4 cxd4 4. Nxd4 e5 5. Nxc6 bxc6 6. Bd3 Nf6 7. O-O Bc5
8. Bg5 h6 9. Bh4 g5 10. Bg3 d6 11. Nc3 a5 12. Qe2 a4 13. Rab1 Bd4 14. Nd1
Bg4 15. Qe1 h5 16. h4 Be6 17. c3 Bc5 18. a3 Ng4 19. hxg5 h4 20. Bh2 Qxg5 21.
Kh1 Nxh2 22. Kxh2 Qf4+ 23. Kg1 h3 {White resigns} 0-1

[Event "ICC tourney 1932 (15 5)"]
[Site "Internet Chess Club"]
[Date "2020.07.24"]
[Round "1"]
[White "TjkTiger"]
[Black "chesslin"]
[Result "1-0"]
[ICCResult "Black resigns"]
[WhiteElo "2271"]
[BlackElo "1764"]
[Opening "King's Indian: fianchetto with ...Nd7"]
[ECO "E67"]
[NIC "KI.76"]
[Time "17:04:46"]
[TimeControl "900+5"]

1. c4 g6 2. Nc3 Bg7 3. Nf3 d6 4. d4 Nf6 5. g3 O-O 6. Bg2 Nbd7 7. O-O Rb8 8.
h3 b6 9. e4 e5 10. Be3 h6 11. Re1 Bb7 12. Qc2 exd4 13. Nxd4 a6 14. Rad1 Re8
15. b3 Nc5 16. Bc1 Nh5 17. Bb2 Qg5 18. Nd5 Bxd5 19. cxd5 Qf6 20. Ba1 Qg5 21.
b4 Nd7 22. Qxc7 Ne5 23. Nc6 Rbc8 24. Qxb6 Nxg3 25. fxg3 Rxc6 26. dxc6 Qxg3
27. Qf2 Qg5 28. Rf1 Kh7 29. Qf4 Qh5 30. Bxe5 Rxe5 31. Qg4 Qxg4 32. hxg4
{Black resigns}
1-0

[Event "ICC tourney 1932 (15 5)"]
[Site "Internet Chess Club"]
[Date "2020.07.24"]
[Round "1"]
[White "rohitdagod"]
[Black "helavir"]
[Result "0-1"]
[ICCResult "White resigns"]
[WhiteElo "1432"]
[BlackElo "1905"]
[Opening "Caro-Kann: advance variation"]
[ECO "B12"]
[NIC "CK.04"]
[Time "17:04:39"]
[TimeControl "900+5"]

1. e4 c6 2. d4 d5 3. e5 Bf5 4. Nf3 e6 5. Be2 Ne7 6. O-O Bg6 7. Nc3 Nf5 8.
Bf4 a6 9. Qd2 c5 10. Rad1 Nc6 11. dxc5 Bxc5 12. Na4 Ba7 13. c4 dxc4 14. Qc3
Qc7 15. g4 Nfe7 16. Be3 Nd5 17. Qa3 Nxe3 18. fxe3 b5 19. Nc3 b4 20. Qa4 bxc3
21. Rd6 Bxe3+ 22. Kh1 Rc8 23. Bxc4 O-O 24. Bxa6 Nxe5 25. Nxe5 Qxd6
{White resigns}
0-1

[Event "ICC tourney 1932 (15 5)"]
[Site "Internet Chess Club"]
[Date "2020.07.24"]
[Round "1"]
[White "londonkid"]
[Black "flybamboo"]
[Result "1-0"]
[ICCResult "Black checkmated"]
[WhiteElo "1356"]
[BlackElo "1270"]
[Opening "QGD: Tarrasch, Bogolyubov variation"]
[ECO "D33"]
[NIC "TD.11"]
[Time "17:04:36"]
[TimeControl "900+5"]

1. d4 d5 2. c4 e6 3. Nc3 c5 4. cxd5 exd5 5. Nf3 Nf6 6. g3 Nc6 7. Bg2 Be6 8.
O-O Be7 9. Bg5 O-O 10. Rc1 c4 11. Ne5 h6 12. Bxf6 Bxf6 13. Nxc6 bxc6 14. b3
cxb3 15. axb3 a5 16. Na4 Qc7 17. e4 dxe4 18. d5 Rfd8 19. Bxe4 Qe5 20. Re1
Kh8 21. Rxc6 Bxd5 22. Bxd5 Rxd5 23. Qc1 Qd4 24. Nb6 Rf5 25. Qc2 Rf3 26. Nxa8
g6 27. Nc7 Be5 28. Nb5 Qd5 29. Rc5 Qxb3 30. Qxb3 Rxb3 31. Rcxe5 a4 32. R1e3
Rb1+ 33. Kg2 Kg7 34. Ra3 Rb4 35. Nc3 Rb3 36. Rxb3 axb3 37. Rb5 b2 38. Rxb2
Kf6 39. Rb7 Ke6 40. Ne4 f5 41. Nc5+ Kd6 42. Nd7 Kc6 43. Ra7 Kd6 44. Nf8 g5
45. Rh7 h5 46. Rxh5 Ke7 47. Rxg5 Kxf8 48. h4 Kf7 49. h5 f4 50. gxf4 Kf8 51.
h6 Kf7 52. h7 Kf6 53. h8=Q+ Kf7 54. Qh6 Ke7 55. Rg7+ Ke8 56. Qh8#
{Black checkmated}
1-0

[Event "ICC tourney 1932 (15 5)"]
[Site "Internet Chess Club"]
[Date "2020.07.24"]
[Round "1"]
[White "AmyMGL"]
[Black "MasterZachary"]
[Result "0-1"]
[ICCResult "White checkmated"]
[WhiteElo "1437"]
[BlackElo "2101"]
[Opening "Scotch gambit: Dubois-Réti defense"]
[ECO "C55"]
[NIC "KP.02"]
[Time "17:04:37"]
[TimeControl "900+5"]

1. e4 e5 2. Nf3 Nc6 3. Bc4 Nf6 4. d4 exd4 5. e5 d5 6. Bb5 Ne4 7. Nxd4 Bd7 8.
Bxc6 bxc6 9. O-O Bc5 10. f3 Ng5 11. f4 Ne4 12. Be3 O-O 13. Nd2 Nxd2 14. Qxd2
f6 15. Nb3 Bb6 16. Bc5 Qe7 17. Qd4 Qf7 18. Rae1 Bf5 19. c3 Qg6 20. Qf2 fxe5
21. Rxe5 Be4 22. Rg5 Qxg5 23. fxg5 Rxf2 24. Rxf2 Re8 25. a4 Bd3 26. a5 Re1+
27. Rf1 Rxf1# {White checkmated} 0-1

[Event "ICC tourney 1932 (15 5)"]
[Site "Internet Chess Club"]
[Date "2020.07.24"]
[Round "1"]
[White "firetiger"]
[Black "sanjayselvam"]
[Result "0-1"]
[ICCResult "White resigns"]
[WhiteElo "2530"]
[BlackElo "1528"]
[Opening "Queen's bishop game"]
[ECO "D02"]
[NIC "QP.08"]
[Time "17:04:36"]
[TimeControl "900+5"]

1. d4 d5 2. Nf3 Nf6 3. Bf4 e6 4. e3 Bd6 5. Bg3 O-O 6. Nbd2 c6 7. Bd3 b6 8.
Ne5 Bb7 9. f4 c5 10. c3 Nbd7 11. Bh4 b5 12. O-O b4 13. Bxf6 Nxf6 14. Qf3 a5
15. g4 h6 16. h4 Ne4 17. Nxe4 dxe4 18. Bxe4 Bxe4 19. Qxe4 Qxh4 20. Rf2 bxc3
21. bxc3 cxd4 22. cxd4 Bxe5 23. fxe5 Rac8 24. Kg2 Rc3 25. Rh1 Qg5 26. Rf3
Rb8 27. Rh5 Rb2+ 28. Kg3 Qg6 29. Qxg6 fxg6 30. Rh2 Rxh2 31. Kxh2 Rc2+ 32.
Kg3 Rxa2 33. Rf1 a4 34. Rb1 a3 35. Rb8+ Kh7 36. Ra8 Ra1 37. d5 a2 38. Kg2
exd5 39. e6 Re1 40. Rxa2 Rxe3 41. Rd2 Rxe6 42. Rxd5 g5 43. Rb5 Kg6 44. Kf3
Rc6 45. Ra5 Kf6 46. Rf5+ Kg6 47. Ra5 Rc3+ 48. Kg2 Kf6 49. Kh2 Re3 50. Kg2 g6
51. Kf2 Re6 52. Ra7 h5 53. Rh7 h4 54. Kf3 Rc6 55. Ra7 Rc3+ 56. Kf2 Rc4
{White resigns}
0-1

[Event "ICC tourney 1932 (15 5)"]
[Site "Internet Chess Club"]
[Date "2020.07.24"]
[Round "1"]
[White "Openyagami"]
[Black "aquilesboy"]
[Result "1-0"]
[ICCResult "Black forfeits on time"]
[WhiteElo "1389"]
[BlackElo "1286"]
[Opening "English opening"]
[ECO "A30"]
[NIC "TD.01"]
[Time "17:05:29"]
[TimeControl "900+5"]

1. c4 Nf6 2. Nf3 c5 3. g3 Nc6 4. Bg2 e6 5. O-O Be7 6. d4 d5 7. Nc3 O-O 8.
cxd5 Nxd5 9. Nxd5 exd5 10. dxc5 Bxc5 11. a3 a5 12. Qc2 Ba7 13. Rd1 h6 14.
Qb3 Qb6 15. Qxb6 Bxb6 16. Rxd5 Be6 17. Rb5 Ra6 18. Be3 Bxe3 19. fxe3 Bc4 20.
Rxb7 Bxe2 21. Rc1 Nd8 22. Rd7 Bb5 23. Rd5 Bc6 24. Rd6 Bb7 25. Rxa6 Bxa6 26.
Nd4 Bd3 27. Rc5 a4 28. Ra5 {Black forfeits on time} 1-0

[Event "ICC tourney 1932 (15 5)"]
[Site "Internet Chess Club"]
[Date "2020.07.24"]
[Round "1"]
[White "salamenceg"]
[Black "EsatERGIN"]
[Result "0-1"]
[ICCResult "White resigns"]
[WhiteElo "1173"]
[BlackElo "1458"]
[Opening "Ruy Lopez: modern Steinitz defense, 5.O-O"]
[ECO "C72"]
[NIC "RL.10"]
[Time "17:05:29"]
[TimeControl "900+5"]

1. e4 e5 2. Nf3 Nc6 3. Bb5 a6 4. Ba4 d6 5. O-O Bd7 6. c3 g6 7. d4 Bg7 8.
Nbd2 exd4 9. Bxc6 Bxc6 10. cxd4 Ne7 11. Nb3 Bxe4 12. Ng5 Bf5 13. Re1 O-O 14.
Be3 Nd5 15. Nf3 Re8 16. Bg5 Qd7 17. Qd2 Bg4 18. Rxe8+ Rxe8 19. Qd3 h6 20.
Bd2 Qb5 21. Qxb5 axb5 22. Re1 Rxe1+ 23. Nxe1 Bd1 24. Nf3 Nb6 25. Bc3 Na4 26.
Na5 b6 27. Nc6 Kf8 28. Nb8 Ke7 29. Na6 Kd7 30. Nb4 c6 31. d5 Bxc3 32. dxc6+
Kc7 33. bxc3 Bxf3 34. gxf3 Nxc3 35. a3 Nb1 36. Kf1 Nxa3 37. Ke2 Nc4 38. Kd3
Ne5+ 39. Ke4 Nxc6 40. Nd5+ Kb7 {White resigns} 0-1

[Event "ICC tourney 1932 (15 5)"]
[Site "Internet Chess Club"]
[Date "2020.07.24"]
[Round "1"]
[White "sathviks"]
[Black "watermelon"]
[Result "1-0"]
[ICCResult "Black resigns"]
[WhiteElo "1727"]
[BlackElo "1344"]
[Opening "French: Steinitz, Boleslavsky variation"]
[ECO "C11"]
[NIC "FR.04"]
[Time "17:04:37"]
[TimeControl "900+5"]

1. e4 e6 2. d4 d5 3. Nc3 Nf6 4. e5 Nfd7 5. f4 c5 6. Nf3 Nc6 7. Be3 Be7 8.
Be2 O-O 9. Qd2 cxd4 10. Nxd4 Nxd4 11. Bxd4 Bc5 12. O-O-O Bxd4 13. Qxd4 Qb6
14. Qd3 Nc5 15. Qg3 Bd7 16. f5 exf5 17. Nxd5 Qh6+ 18. Kb1 Ne4 19. Nf6+ Nxf6
20. exf6 Qxf6 21. Rxd7 Qc6 22. Rhd1 Rac8 23. R1d2 Rfe8 24. Qd6 Qxg2 25. Bc4
Re1+ 26. Rd1 Rxd1+ 27. Qxd1 h6 28. Bxf7+ Kh8 29. Rd8+ Rxd8 30. Qxd8+
{Black resigns}
1-0

[Event "ICC tourney 1932 (15 5)"]
[Site "Internet Chess Club"]
[Date "2020.07.24"]
[Round "1"]
[White "harkerchess"]
[Black "YKQ"]
[Result "0-1"]
[ICCResult "White resigns"]
[WhiteElo "1476"]
[BlackElo "1634"]
[Opening "French defense, Steiner variation"]
[ECO "A13"]
[NIC "EO.64"]
[Time "17:04:53"]
[TimeControl "900+5"]

1. c4 e6 2. e4 d5 3. exd5 exd5 4. Nf3 Nf6 5. d4 Bb4+ 6. Bd2 Bxd2+ 7. Qxd2
O-O 8. cxd5 Nxd5 9. Nc3 Nc6 10. Be2 Bf5 11. O-O Qd6 12. Bc4 Nf4 13. Nb5 Qh6
14. Nxc7 Rad8 15. Qe3 a6 16. Ne5 Nxe5 17. Qxe5 Bh3 18. g3 Qc6 19. d5 Qxc4
20. Qxf4 Qxf4 21. gxf4 Bxf1 22. Kxf1 Rd7 23. Rc1 Rc8 24. d6 Rxd6 25. Rc3 Rd7
26. Nd5 Rxc3 27. Nxc3 Rd2 28. Na4 b5 29. Nc5 Rxb2 30. Nxa6 Rxa2 31. Nb4 Ra4
32. Nd5 Rd4 33. Nc3 b4 34. Na2 b3 35. Nc3 b2 36. Kg2 Rd3 37. Nb1 f5 38. h4
Kf7 39. h5 Ke6 40. h6 gxh6 41. f3 Rd1 42. Nc3 b1=Q 43. Nxb1 Rxb1 44. Kg3 Rb2
45. Kh4 Kf6 46. Kg3 h5 47. Kh4 h6 48. Kg3 Ke6 49. Kh4 Rf2 50. Kg3 Ra2 51.
Kh4 Kd5 52. Kxh5 Kd4 53. Kxh6 Ke3 54. Kg5 Ra5 {White resigns} 0-1

[Event "ICC tourney 1932 (15 5)"]
[Site "Internet Chess Club"]
[Date "2020.07.24"]
[Round "1"]
[White "vyomvidy"]
[Black "drberkley"]
[Result "1-0"]
[ICCResult "Black resigns"]
[WhiteElo "1618"]
[BlackElo "1431"]
[Opening "Dunst (Sleipner, Heinrichsen) opening"]
[ECO "A00"]
[NIC "VO.15"]
[Time "17:04:56"]
[TimeControl "900+5"]

1. Nc3 Nf6 2. d4 g6 3. Bf4 Bg7 4. e4 d6 5. Qd2 c6 6. O-O-O b5 7. Bd3 O-O 8.
Bh6 Nbd7 9. h4 Bxh6 10. Qxh6 e5 11. Nf3 Qe7 12. Rdg1 Ng4 13. Qd2 h5 14. dxe5
dxe5 15. Ng5 Nc5 16. f3 Nf6 17. Be2 Be6 18. Nxe6 Nxe6 19. Qh6 b4 20. Na4
Rfd8 21. g4 Nf4 22. Bc4 Rd4 23. Bb3 Ne2+ 24. Kb1 Nxg1 25. Rxg1 Rad8 26. c3
R4d6 27. Qxg6+ Kf8 28. Qh6+ Ke8 29. Nc5 hxg4 30. fxg4 Ng8 31. Qh8 Qf8 32.
Qxe5+ Qe7 33. Qh8 Qf8 34. Nb7 Nf6 35. Nxd6+ Rxd6 36. Qxf8+ Kxf8 37. e5
{Black resigns}
1-0

[Event "ICC tourney 1932 (15 5)"]
[Site "Internet Chess Club"]
[Date "2020.07.24"]
[Round "1"]
[White "MrNormalName"]
[Black "icommai"]
[Result "1-0"]
[ICCResult "Black resigns"]
[WhiteElo "1676"]
[BlackElo "1361"]
[Opening "QGD semi-Slav: Stoltz variation"]
[ECO "D45"]
[NIC "SL.08"]
[Time "17:05:07"]
[TimeControl "900+5"]

1. d4 d5 2. c4 e6 3. Nc3 c6 4. e3 Nf6 5. Nf3 Nbd7 6. Qc2 Bd6 7. Be2 dxc4 8.
Bxc4 b5 9. Be2 a6 10. O-O Bb7 11. e4 c5 12. e5 cxd4 13. exf6 dxc3 14. fxg7
Rg8 15. Qxh7 Nf6 16. Qh6 c2 17. Bg5 Be7 18. Qh8 Kd7 19. Ne5+ Kc7 20. Qh6 Ne4
21. Bxe7 Qxe7 22. Rac1 Rad8 23. Rxc2+ Kb8 24. Nc6+ Bxc6 25. Rxc6 Qg5 26.
Qxg5 Nxg5 27. h4 Ne4 28. Rxa6 Kb7 29. Ra5 Rxg7 30. Rxb5+ Kc6 31. Rc1+ Kd7
32. Rd1+ Ke8 33. Rxd8+ Kxd8 34. h5 Kc7 35. h6 Rh7 36. Bd3 f5 37. Bxe4 fxe4
38. Rh5 Kd6 39. Kf1 e5 40. Ke2 Kd5 41. Ke3 Rh8 42. h7 {Black resigns} 1-0

[Event "ICC tourney 1932 (15 5)"]
[Site "Internet Chess Club"]
[Date "2020.07.24"]
[Round "1"]
[White "NonnaThat"]
[Black "justinchess"]
[Result "0-1"]
[ICCResult "White checkmated"]
[WhiteElo "1738"]
[BlackElo "2010"]
[Opening "Caro-Kann: advance variation"]
[ECO "B12"]
[NIC "CK.04"]
[Time "17:04:36"]
[TimeControl "900+5"]

1. e4 c6 2. d4 d5 3. e5 Bf5 4. h4 h5 5. Bd3 Bxd3 6. Qxd3 e6 7. Nf3 Qa5+ 8.
c3 Qa6 9. Qxa6 Nxa6 10. O-O Ne7 11. a4 c5 12. Be3 Nc6 13. Nbd2 cxd4 14. Bxd4
Bc5 15. Bxc5 Nxc5 16. b4 Nd3 17. a5 Rc8 18. Nd4 Ndxe5 19. a6 b6 20. Nb5 Ke7
21. f4 Ng4 22. Rfe1 Rhd8 23. Nf3 Rd7 24. Rad1 g6 25. Re2 Nh6 26. g3 Nf5 27.
Kf2 Nd6 28. Nxd6 Rxd6 29. Rd3 Rd7 30. Ree3 d4 31. Nxd4 Nxd4 32. cxd4 Rc4 33.
d5 Rxb4 34. dxe6 Rxd3 35. Rxd3 Kxe6 36. Ra3 Rb5 37. Re3+ Kf6 38. Kf3 Ra5 39.
Re8 Rxa6 40. Re5 Ra3+ 41. Kf2 Rb3 42. Re8 a5 43. Ra8 Rb4 44. Ke3 a4 45. Kd2
b5 46. Ra5 Rb3 47. Kc2 Kf5 48. Ra7 f6 49. Ra6 Rxg3 50. Rxf6+ Kxf6 51. Kb1
Rg2 52. Ka1 b4 53. Kb1 a3 54. Ka1 b3 55. Kb1 Rg1# {White checkmated} 0-1

[Event "ICC tourney 1932 (15 5)"]
[Site "Internet Chess Club"]
[Date "2020.07.24"]
[Round "1"]
[White "craigsholl66"]
[Black "Venom2020"]
[Result "0-1"]
[ICCResult "White forfeits on time"]
[WhiteElo "1329"]
[BlackElo "1556"]
[Opening "Sicilian: Nimzovich-Rossolimo attack (with ...g6, without ...d6)"]
[ECO "B31"]
[NIC "SI.31"]
[Time "17:04:42"]
[TimeControl "900+5"]

1. e4 c5 2. Nf3 Nc6 3. Bb5 g6 4. O-O Bg7 5. Re1 e5 6. b3 Nge7 7. Bb2 d6 8.
h3 O-O 9. Bxc6 Nxc6 10. c3 f5 11. d3 Kh8 12. Na3 Be6 13. Nc4 b5 14. Ne3 Qf6
15. Nd5 Bxd5 16. exd5 Ne7 17. c4 b4 18. a3 a5 19. axb4 axb4 20. Qd2 h6 21.
Rxa8 Rxa8 22. Ra1 Qf8 23. Qc1 g5 24. Rxa8 Qxa8 25. Qa1 Qxa1+ 26. Bxa1 Ng6
27. g3 Kg8 28. Nd2 Kf7 29. Kf1 Bf6 30. Ke2 e4 31. Bxf6 exd3+ 32. Kxd3 Kxf6
33. Ke3 Ne5 34. Nf3 Nxf3 35. Kxf3 Ke5 36. Ke3 f4+ 37. gxf4+ gxf4+ 38. Kf3
Kf5 39. h4 h5 {White forfeits on time} 0-1

[Event "ICC tourney 1932 (15 5)"]
[Site "Internet Chess Club"]
[Date "2020.07.24"]
[Round "1"]
[White "Tacticsguy52"]
[Black "JosephLevine"]
[Result "0-1"]
[ICCResult "White resigns"]
[WhiteElo "1299"]
[BlackElo "1453"]
[Opening "French: Tarrasch, closed variation"]
[ECO "C05"]
[NIC "FR.17"]
[Time "17:04:35"]
[TimeControl "900+5"]

1. e4 e6 2. d4 d5 3. Nd2 Nf6 4. e5 Nfd7 5. Bd3 c5 6. c3 Nc6 7. Ne2 Qb6 8.
Nf3 cxd4 9. cxd4 f6 10. exf6 Nxf6 11. O-O Bd6 12. Bf4 Bxf4 13. Nxf4 O-O 14.
b3 Ne4 15. Ne2 Bd7 16. Bxe4 dxe4 17. Ng5 Rad8 18. Nxe4 Bc8 19. Qc2 Nxd4 20.
Nxd4 Rxd4 21. Rad1 e5 22. Rxd4 exd4 23. Ng5 g6 24. Rd1 Be6 25. Qe4 Re8 26.
Qh4 h5 27. h3 Bf5 28. Qxd4 Re1+ 29. Kh2 Qxd4 30. Rxd4 Re2 31. Ra4 a6 32. Kg3
Bb1 33. a3 Bc2 34. Rb4 b5 35. a4 Re5 36. Nf3 Rd5 37. axb5 axb5 38. Rd4 Bxb3
39. Kf4 Rxd4+ 40. Nxd4 Bc4 41. Nc6 Kg7 42. h4 Bd5 43. Nd4 b4 44. Ke3 Bxg2
45. Kd3 Bd5 46. Nc2 b3 47. Nb4 Be6 48. Nc6 Kf6 49. Nd4 Bd5 50. Ne2 g5 51.
hxg5+ Kxg5 52. Ke3 b2 53. Nc3 Ba2 54. f4+ Kg6 55. Kf3 b1=Q 56. Nxb1 Bxb1 57.
Kg3 Bf5 58. Kh4 Bg4 59. Kg3 Kf5 60. Kh4 Bd1 61. Kg3 Ba4 62. Kh4 Be8 63. Kg3
Bg6 64. Kh4 Kxf4 65. Kh3 Kg5 66. Kg3 h4+ 67. Kh3 Bf5+ 68. Kh2 Kg4 69. Kg2
Be4+ 70. Kh2 h3 71. Kg1 Kg3 72. Kf1 {White resigns} 0-1

[Event "ICC tourney 1932 (15 5)"]
[Site "Internet Chess Club"]
[Date "2020.07.24"]
[Round "1"]
[White "caracal"]
[Black "LChessMaster"]
[Result "0-1"]
[ICCResult "White forfeits on time"]
[WhiteElo "1256"]
[BlackElo "1610"]
[Opening "King's Indian: orthodox variation"]
[ECO "E94"]
[NIC "KI.15"]
[Time "17:04:39"]
[TimeControl "900+5"]

1. d4 Nf6 2. c4 g6 3. Nc3 Bg7 4. e4 d6 5. Nf3 O-O 6. Be2 e5 7. O-O exd4 8.
Nxd4 Re8 9. f3 Bd7 10. Be3 Nc6 11. Qd2 a6 12. Nd5 Ne5 13. Bg5 c6 14. Nxf6+
Bxf6 15. Bxf6 Qxf6 16. Rfd1 Rad8 17. Nc2 Bc8 18. Ne3 h5 19. Rac1 h4 20. Rf1
Qf4 21. Rcd1 Kh8 22. Nc2 Qxd2 23. Rxd2 Be6 24. Ne3 f6 25. Rfd1 Nf7 26. g3
hxg3 27. hxg3 Kg7 28. Kg2 Rh8 29. f4 Bc8 30. Bg4 Bxg4 31. Nxg4 f5 32. Nf2
Kf6 33. Kf3 b5 34. cxb5 axb5 35. Nd3 Rhe8 36. exf5 gxf5 37. Nb4 Rc8 38.
Rxd6+ Nxd6 39. Rxd6+ Ke7 40. Rxc6 Rxc6 41. Nxc6+ Kf6 42. Nd4 Re4 43. Nxf5
Rb4 44. g4 Rxb2 45. Nd6 b4 46. Ne4+ Kg7 {White forfeits on time} 0-1

[Event "ICC tourney 1932 (15 5)"]
[Site "Internet Chess Club"]
[Date "2020.07.24"]
[Round "1"]
[White "Sricharan07"]
[Black "Bo002"]
[Result "0-1"]
[ICCResult "White resigns"]
[WhiteElo "1524"]
[BlackElo "1947"]
[Opening "Sicilian: Alapin's variation (2.c3)"]
[ECO "B22"]
[NIC "SI.47"]
[Time "17:05:00"]
[TimeControl "900+5"]

1. e4 c5 2. c3 Nf6 3. e5 Nd5 4. d4 cxd4 5. cxd4 Nc6 6. Nf3 d6 7. Bc4 e6 8.
O-O Be7 9. Qe2 O-O 10. Rd1 a6 11. a3 b5 12. Ba2 Bb7 13. Nc3 Nxc3 14. bxc3
Qc7 15. Bf4 Na5 16. Rac1 Bd5 17. Bxd5 exd5 18. e6 f5 19. Ng5 Nc4 20. Ra1 Nb6
21. Qh5 Bxg5 22. Bxg5 Rae8 23. Re1 Qxc3 24. Rac1 Qa5 25. Re3 g6 26. Qh6 Nc4
27. Rh3 Qc7 28. e7 Rf7 29. Re1 Qd7 30. Bf6 Rfxe7 31. Bxe7 Rxe7 32. Rf1 Re4
33. Rg3 Qg7 34. Qg5 Qd7 35. h4 Qe7 36. Qxf5 Rxh4 37. Qxd5+ Qf7 38. Qa8+ Kg7
39. Rf3 Rf4 40. Rxf4 Qxf4 41. Qxa6 Qg5 42. Qb7+ Kh6 43. Qc8 Kg7 44. Qd7+ Kh6
45. Qe8 Kg7 46. Qd7+ Kh6 47. g3 Nd2 48. Rd1 Nf3+ 49. Kg2 Qd5 50. Rh1+ Nh4+
51. Kh3 Qxh1+ 52. Kg4 Nf5 53. Qf7 Qh5+ 54. Kf4 g5+ {White resigns} 0-1

[Event "ICC tourney 1932 (15 5)"]
[Site "Internet Chess Club"]
[Date "2020.07.24"]
[Round "1"]
[White "espark"]
[Black "rjc64uk"]
[Result "1-0"]
[ICCResult "Black resigns"]
[WhiteElo "1713"]
[BlackElo "1373"]
[Opening "French: Steinitz variation"]
[ECO "C11"]
[NIC "FR.04"]
[Time "17:04:41"]
[TimeControl "900+5"]

1. e4 e6 2. d4 d5 3. Nc3 Nf6 4. e5 Nfd7 5. Nce2 c5 6. c3 cxd4 7. cxd4 f6 8.
exf6 Nxf6 9. Nf3 Ne4 10. a3 Bd6 11. Nc3 Qa5 12. Qc2 Nd7 13. Bd3 Ndf6 14. O-O
Bd7 15. Bxe4 dxe4 16. Nxe4 Nxe4 17. Qxe4 Qh5 18. h3 O-O 19. Ne5 Bb5 20. Re1
Rad8 21. Be3 Bxe5 22. Qxe5 Qxe5 23. dxe5 b6 24. Rac1 Rd7 25. Rc3 h6 26. Rec1
Rfd8 27. g4 g5 28. Kh2 Kg7 29. Kg3 Kg6 30. h4 Rd5 31. h5+ Kg7 32. f4 gxf4+
33. Bxf4 R8d7 34. Rc7 Rd3+ 35. Kh4 Rd4 36. Rxd7+ Rxd7 37. Rc8 Rf7 38. Bd2
Rd7 39. Bb4 Rf7 40. Bd6 Be2 41. Rc2 Bd1 42. Rc4 Be2 43. Rd4 Rf1 44. Be7 Bb5
45. Bf6+ Kf7 46. a4 Bc6 47. Rc4 Bd7 48. Rc7 Rh1+ 49. Kg3 Ke8 50. Rxa7 Rg1+
51. Kh3 Rh1+ 52. Kg2 Bc6+ 53. Kg3 Rg1+ 54. Kf4 Rf1+ 55. Ke3 Rf3+ 56. Ke2 Rb3
57. Rh7 Rxb2+ 58. Ke3 Rb3+ 59. Kd2 Rg3 60. Rxh6 Rxg4 61. Rh8+ Kf7 62. Rh7+
Kf8 63. Rc7 Rg2+ 64. Ke3 Rg3+ 65. Kf2 Rf3+ 66. Ke2 Rc3 67. Kd2 Rc4 68. h6
Rd4+ 69. Kc3 Rxa4 70. h7 Ra3+ 71. Kb2 Rh3 72. h8=R+ Rxh8 73. Bxh8 Bd5 74.
Bf6 b5 75. Kc3 Ke8 76. Kb4 Bc4 77. Rxc4 bxc4 78. Kxc4 Kd7 79. Kc5 Kc7 80.
Bh4 Kd7 81. Kb6 Ke8 82. Kc7 Kf8 83. Kd7 Kf7 84. Bd8 Kg6 85. Kxe6 Kg7 86. Kd7
Kf8 87. e6 Kg7 88. e7 {Black resigns} 1-0

[Event "ICC tourney 1932 (15 5)"]
[Site "Internet Chess Club"]
[Date "2020.07.24"]
[Round "1"]
[White "clair"]
[Black "Aryangambit"]
[Result "0-1"]
[ICCResult "White checkmated"]
[WhiteElo "1554"]
[BlackElo "1775"]
[Opening "Queen's pawn: London system"]
[ECO "A45"]
[NIC "QP.07"]
[Time "17:04:35"]
[TimeControl "900+5"]

1. d4 Nf6 2. Bf4 g6 3. Nc3 d5 4. Qd2 Bg7 5. Bh6 O-O 6. Bxg7 Kxg7 7. O-O-O
Ne4 8. Nxe4 dxe4 9. e3 e5 10. dxe5 Qxd2+ 11. Rxd2 Nc6 12. f4 exf3 13. Nxf3
Bg4 14. h3 Bxf3 15. gxf3 Nxe5 16. f4 Nc6 17. Rd7 Rac8 18. Bg2 Nb8 19. Re7 b6
20. Rd1 Rfe8 21. Rxe8 Rxe8 22. Kd2 Nd7 23. b4 Nf6 24. Ke2 h6 25. Bc6 Re6 26.
b5 Ne4 27. Rd7 Nc3+ 28. Kf3 Nxa2 29. Rxc7 Nb4 30. Be4 Kf8 31. Rxa7 f5 32.
Bd3 Nxd3 33. cxd3 Rd6 34. d4 Rd5 35. Rh7 Rxb5 36. Rb7 Kg8 37. h4 Rb2 38. d5
Kf8 39. d6 Ke8 40. Kg3 Rb3 41. Kf2 Rb2+ 42. Ke1 Rh2 43. Rxb6 Kd7 44. Rb8
Rxh4 45. Kf2 Rg4 46. Rh8 h5 47. Kf3 Kxd6 48. e4 fxe4+ 49. Kxe4 Ke6 50. Kf3
Kf6 51. Rf8+ Kg7 52. Ra8 Rg1 53. Ra7+ Kh6 54. Ra6 Rc1 55. Kg3 Rc3+ 56. Kh4
Rc4 57. Kg3 Kg7 58. Rb6 Re4 59. Rc6 Kf7 60. Ra6 Re6 61. Ra7+ Kf6 62. Ra5
Re3+ 63. Kh4 Rf3 64. Ra4 Rf1 65. Kg3 Kg7 66. Ra5 Rc1 67. Rg5 Rc3+ 68. Kh4
Rf3 69. Ra5 Rxf4+ 70. Kg3 Rf5 71. Ra6 Kh6 72. Kh4 Rf4+ 73. Kg3 Rc4 74. Kh3
Re4 75. Kg3 Kg7 76. Kh3 Kf7 77. Kg3 Re6 78. Ra5 Kf6 79. Kf4 Rc6 80. Rb5 g5+
81. Kg3 Rc3+ 82. Kf2 h4 83. Kg2 Kg6 84. Rb6+ Kh5 85. Rb8 Ra3 86. Rb4 Re3 87.
Rb5 h3+ 88. Kh2 Kh4 89. Rb8 Re2+ 90. Kh1 Rf2 91. Rh8+ Kg3 92. Kg1 h2+ 93.
Rxh2 Rxh2 94. Kf1 Kf3 95. Kg1 Ra2 96. Kh1 Kg3 97. Kg1 Ra1# {White
checkmated} 0-1

[Event "ICC tourney 1932 (15 5)"]
[Site "Internet Chess Club"]
[Date "2020.07.24"]
[Round "2"]
[White "MasterZachary"]
[Black "sanjayselvam"]
[Result "1-0"]
[ICCResult "Black checkmated"]
[WhiteElo "2102"]
[BlackElo "1527"]
[Opening "Alekhine's defense: modern, fianchetto variation"]
[ECO "B04"]
[NIC "AL.04"]
[Time "18:01:30"]
[TimeControl "900+5"]

1. e4 Nf6 2. e5 Nd5 3. d4 d6 4. Nf3 g6 5. Bc4 Nb6 6. Bb3 Bg7 7. exd6 cxd6 8.
O-O O-O 9. Re1 Nc6 10. c3 Bg4 11. h3 Bxf3 12. Qxf3 e5 13. dxe5 dxe5 14. Nd2
Re8 15. Bxf7+ Kh8 16. Bxe8 Qxe8 17. Ne4 Qe7 18. Bg5 Qe6 19. Bf6 Rf8 20.
Bxg7+ Kxg7 21. Qg4 Qf7 22. b3 Nd5 23. Rad1 Nf4 24. Rd7 Ne7 25. Qg5 Re8 26.
Qxe5+ Kf8 27. Ng5 Qf5 28. Qh8+ Ng8 29. Nxh7# {Black checkmated} 1-0

[Event "ICC tourney 1932 (15 5)"]
[Site "Internet Chess Club"]
[Date "2020.07.24"]
[Round "2"]
[White "rjc64uk"]
[Black "clair"]
[Result "1-0"]
[ICCResult "Black resigns"]
[WhiteElo "1518"]
[BlackElo "1551"]
[Opening "Robatsch (modern) defense"]
[ECO "B06"]
[NIC "KF.06"]
[Time "18:00:59"]
[TimeControl "900+5"]

1. e4 g6 2. Nf3 Bg7 3. d4 e6 4. Nc3 d6 5. Be2 Nd7 6. O-O Ne7 7. Be3 O-O 8.
Qd2 b6 9. Bh6 Bb7 10. Bxg7 Kxg7 11. Rad1 Nf6 12. Bd3 a6 13. Rfe1 Re8 14. e5
Nfd5 15. Ne4 Nf5 16. c4 Nde7 17. Nf6 Rh8 18. Qf4 Bxf3 19. gxf3 dxe5 20. dxe5
Qd4 21. Be4 Qxb2 22. Bxa8 Rxa8 23. Rd7 Qxa2 24. Ng4 c5 25. Rxe7 Nxe7 26.
Qh6+ Kh8 27. Nf6 {Black resigns} 1-0

[Event "ICC tourney 1932 (15 5)"]
[Site "Internet Chess Club"]
[Date "2020.07.24"]
[Round "2"]
[White "flybamboo"]
[Black "rohitdagod"]
[Result "1-0"]
[ICCResult "Black checkmated"]
[WhiteElo "1290"]
[BlackElo "1314"]
[Opening "King's Indian: 6.Be2"]
[ECO "E91"]
[NIC "KI.19"]
[Time "18:00:42"]
[TimeControl "900+5"]

1. d4 Nf6 2. c4 d6 3. Nc3 g6 4. e4 Bg7 5. Nf3 O-O 6. Be2 c5 7. d5 e6 8. O-O
exd5 9. exd5 Re8 10. Bf4 Nh5 11. Bg5 f6 12. Bh4 Nf4 13. Bd3 Nxd3 14. Qxd3
Bf5 15. Qd2 Bg4 16. Bg3 Bxf3 17. gxf3 f5 18. Nb5 Be5 19. Rfe1 a6 20. Bxe5
dxe5 21. Nc3 Qd6 22. Qg5 Nd7 23. a4 Nf6 24. Qh4 Nh5 25. Rad1 Kg7 26. Rd2 Re7
27. Rde2 Rae8 28. Re3 Nf4 29. Ne2 Nxe2+ 30. R1xe2 h6 31. f4 e4 32. Rh3 h5
33. Qg5 Kh7 34. Ree3 b5 35. axb5 axb5 36. cxb5 Qxd5 37. Rxh5+ gxh5 38. Qxh5+
Kg8 39. Rg3+ Kf8 40. Qh6+ Kf7 41. Rg7+ Kf8 42. Qh8+ Qg8 43. Qxg8#
{Black checkmated}
1-0